NEW YORK Islanders vs TAMPA BAY Lightning

Created - 9 avril 2024 at 17:30

Goals
1 2 3 T
NEW YORK Islanders 0 1 1 2
TAMPA BAY Lightning 2 1 0 3
Shots
1 2 3 T
NEW YORK Islanders 7 9 14 30
TAMPA BAY Lightning 14 7 5 26

1st period

1. TAMPA BAY Lightning , Robert Hagg 6 (Nick Ritchie 13, Tyson Jost 24) at 9:58
2. TAMPA BAY Lightning , Nicolas Deslauriers 4 (Dylan DeMelo 55, Timothy Liljegren 43) at 15:49

Penalties :
Sammy Blais (TBL) for Cross-checking (Minor) at 2:15, Nicolas Deslauriers (TBL) for Cross-checking (Minor) at 12:52

2nd period

3. TAMPA BAY Lightning , Timothy Liljegren 19 (Josh Mahura 32, Tyson Jost 25) at 4:28 (PP)
4. NEW YORK Islanders , Vincent Trocheck 14 (Lucas Raymond 27, Erik Cernak 38) at 19:28 (PP)

Penalties :
Braden Schneider (NYI) for Cross-checking (Minor) at 4:06, Vincent Trocheck (NYI) for Tripping (Minor) at 8:34, Robert Hagg (TBL) for Hooking (Minor) at 18:56

3rd period

5. NEW YORK Islanders , Dillon Dube 22 (Gustav Nyquist 11, Sebastian D Aho 10) at 5:48

Penalties :
Jacob Trouba (NYI) for Slashing (Minor) at 6:07, Scott Laughton (TBL) for Roughing (Minor) at 16:38, Robert Hagg (TBL) for Interference (Minor) at 19:04

Goalie Stats

Ilya Sorokin (NYI), 23 saves from 26 shots - (0,885), L, 38-30-5, 59:01 minutes
Robin Lehner (TBL), 28 saves from 30 shots - (0,933), W, 7-12-2, 60:00 minutes

Players Stats for NEW YORK Islanders

Player Name              G  A  P  +/- PIM S  H  SB GA TA FO     MP     PP MP  PK MP  
------------------------------------------------------------------------------------
Braden Schneider         0  0  0   1  2   1  0  3  0  0  0/0    21:24   4:04   1:27 
Dillon Dube              1  0  1   1  0   6  0  0  0  0  10/20  19:53   3:31   1:28 
Erik Cernak              0  1  1  -1  0   0  4  1  0  0  0/0    25:25   3:16   2:31 
Ethan Bear               0  0  0  -1  0   5  0  0  0  0  0/0    16:26   4:08   0:00 
Gustav Nyquist           0  1  1   1  0   5  3  0  0  0  0/0    18:46   1:41   2:11 
Ilya Lyubushkin          0  0  0  -1  0   0  4  0  0  0  0/0    14:33   0:00   1:49 
Jacob Trouba             0  0  0  -1  2   2  3  2  0  0  0/0    23:56   3:16   1:03 
Jesper Fast              0  0  0  -2  0   0  2  0  0  0  0/1    11:04   0:00   1:28 
Kirby Dach               0  0  0  -2  0   2  2  0  0  0  5/15   13:22   3:35   0:11 
Lucas Raymond            0  1  1   1  0   0  0  0  0  0  1/1    18:02   3:08   0:00 
Michael McLeod           0  0  0   0  0   2  1  0  0  0  0/0     5:31   0:00   0:00 
Nikolaj Ehlers           0  0  0   0  0   1  0  0  0  0  0/3    21:31   2:35   0:41 
Nino Niederreiter        0  0  0   0  0   2  2  0  0  0  0/1    22:04   3:49   0:00 
Pius Suter               0  0  0   0  0   1  0  0  0  0  3/4     5:31   0:00   0:00 
Sean Kuraly              0  0  0   0  0   0  3  0  0  0  4/5     8:16   0:04   2:41 
Sebastian D Aho          0  1  1   1  0   0  1  1  0  0  0/0    18:14   0:04   1:50 
Victor Olofsson          0  0  0  -2  0   0  0  0  0  0  0/0     9:36   0:00   0:00 
Vincent Trocheck         1  0  1   0  2   3  1  0  0  0  15/29  22:03   3:49   0:00 

Players Stats for TAMPA BAY Lightning

Player Name              G  A  P  +/- PIM S  H  SB GA TA FO     MP     PP MP  PK MP  
------------------------------------------------------------------------------------
Anders Lee               0  0  0   0  0   2  2  1  0  0  0/2    25:31   1:56   4:29 
Chad Ruhwedel            0  0  0   0  0   1  1  1  0  0  0/0    20:57   0:00   2:54 
Christian Fischer        0  0  0   0  0   0  0  0  0  0  1/2     5:49   0:00   1:05 
Dylan DeMelo             0  1  1   1  0   1  2  1  0  0  0/0    23:20   1:56   4:30 
Eeli Tolvanen            0  0  0   0  0   2  0  1  0  0  1/3    21:02   1:56   0:00 
Erik Gudbranson          0  0  0   0  0   1  4  0  0  0  0/0    23:26   1:56   3:27 
Evgeny Svechnikov        0  0  0   0  0   2  0  0  0  0  0/3    14:54   0:00   0:00 
Josh Mahura              0  1  1   0  0   0  1  2  0  0  0/0    16:46   2:24   1:03 
Mason Marchment          0  0  0   0  0   2  1  0  0  0  0/1    17:18   2:24   0:00 
Michael McCarron         0  0  0   0  0   0  0  0  0  0  3/6     4:44   0:00   0:00 
Mikael Backlund          0  0  0   0  0   2  1  0  0  0  17/32  25:31   1:56   4:29 
Nick Ritchie             0  1  1   1  0   0  0  0  0  0  0/0     9:32   0:00   0:00 
Nicolas Deslauriers      1  0  1   0  2   1  2  0  0  0  0/0     4:43   0:00   0:00 
Robert Hagg              1  0  1   0  4   2  1  0  0  0  0/0    13:17   0:00   0:00 
Sammy Blais              0  0  0   1  2   3  1  0  0  0  0/0     9:31   0:00   0:00 
Scott Laughton           0  0  0   0  2   4  1  0  0  0  13/16  19:07   2:24   1:50 
Timothy Liljegren        1  1  2   1  0   2  3  1  0  0  0/0    22:12   2:24   2:54 
Tyson Jost               0  2  2   1  0   1  1  0  0  0  6/14   14:51   2:24   2:55 

3 Stars

1 - Timothy Liljegren (TBL)
2 - Tyson Jost (TBL)
3 - Dillon Dube (NYI)

Power Play

NEW YORK Islanders - 1 on 5 Attempt(s) - 20,00%
TAMPA BAY Lightning - 1 on 3 Attempt(s) - 33,33%

Penalty Kill

NEW YORK Islanders - 2 on 3 Attempt(s) - 66,67% - Score 0 goal in Penalty Kill
TAMPA BAY Lightning - 4 on 5 Attempt(s) - 80,00% - Score 0 goal in Penalty Kill

Team Stat

NEW YORK Islanders - Hits : 26 - Faceoff Wins : 38 - Blocked Shots : 7 - Penalty Minutes : 6
TAMPA BAY Lightning - Hits : 21 - Faceoff Wins : 41 - Blocked Shots : 7 - Penalty Minutes : 10

Official

Referees : Frederick L'Ecuyer and Brandon Schrader
Linesman : Alexandra Clarke and Jonathan Deschamps

Game Notes

No Game Note

Finance

Level 1 -- Attendance: 4792 (68,46%) -- Ticket Income $479,200
Level 2 -- Attendance: 4300 (76,79%) -- Ticket Income $258,000
Level 3 -- Attendance: 1995 (98,13%) -- Ticket Income $69,825
Level 4 -- Attendance: 4001 (100,00%) -- Ticket Income $80,020
Luxury Box -- Attendance: 809 (80,02%) -- Ticket Income $161,800
Game was played at the Amalie Arena.
Total Attendance: 15897 (80,92%)
Total Ticket Income: $1,048,845
Other Income: $262,211
Total Income: $1,311,056

NEW YORK Islanders

5 vs 5 Forward 
   Center                   Left Wing                Right Wing               Time % Phy DF OF 
 1 Vincent Trocheck         Nino Niederreiter        Nikolaj Ehlers           40     1   2  2  
 2 Dillon Dube              Gustav Nyquist           Lucas Raymond            30     1   2  2  
 3 Kirby Dach               Victor Olofsson          Jesper Fast              20     1   2  2  
 4 Pius Suter               Sean Kuraly              Michael McLeod           10     1   2  2  

5 vs 5 Defense 
   Defense                  Defense                                           Time % Phy DF OF 
 1 Jacob Trouba             Erik Cernak                                       40     1   2  2  
 2 Sebastian D Aho          Braden Schneider                                  30     1   2  2  
 3 Ilya Lyubushkin          Ethan Bear                                        20     1   2  2  
 4 Erik Cernak              Jacob Trouba                                      10     1   2  2  

PowerPlay Forward 
   Center                   Left Wing                Right Wing               Time % Phy DF OF 
 1 Vincent Trocheck         Lucas Raymond            Nino Niederreiter        70     1   2  2  
 2 Dillon Dube              Nikolaj Ehlers           Kirby Dach               30     1   2  2  

PowerPlay Defense
   Defense                  Defense                                           Time % Phy DF OF 
 1 Jacob Trouba             Erik Cernak                                       60     1   2  2  
 2 Ethan Bear               Braden Schneider                                  40     1   2  2  

Penalty Kill 4 Players Forward 
   Center                   Wing                     Time % Phy DF OF 
 1 Sean Kuraly              Gustav Nyquist           60     1   2  2  
 2 Dillon Dube              Jesper Fast              40     1   2  2  

Penalty Kill 4 Players Defense
   Defense                  Defense                  Time % Phy DF OF 
 1 Jacob Trouba             Erik Cernak              60     1   2  2  
 2 Braden Schneider         Ilya Lyubushkin          40     1   2  2  

Penalty Kill - 3 Players Forward 
   Forward                                           Time % Phy DF OF 
 1 Pius Suter                                        60     1   2  2  
 2 Vincent Trocheck                                  40     1   2  2  

Penalty Kill - 3 Players Defense
   Defense                  Defense                  Time % Phy DF OF 
 1 Jacob Trouba             Erik Cernak              60     1   2  2  
 2 Ilya Lyubushkin          Sebastian D Aho          40     1   2  2  

4 vs 4 Forward 
   Center                   Wing                     Time % Phy DF OF 
 1 Vincent Trocheck         Nino Niederreiter        60     1   2  2  
 2 Pius Suter               Victor Olofsson          40     1   2  2  

4 vs 4 Defense
   Defense                  Defense                  Time % Phy DF OF 
 1 Jacob Trouba             Erik Cernak              60     1   2  2  
 2 Ilya Lyubushkin          Braden Schneider         40     1   2  2  

Last Minutes Offensive
   Center                   Left Wing                Right Wing               Defense                  Defense                  
   Vincent Trocheck         Nino Niederreiter        Nikolaj Ehlers           Jacob Trouba             Erik Cernak              

Last Minutes Defensive
   Center                   Left Wing                Right Wing               Defense                  Defense                  
   Vincent Trocheck         Nino Niederreiter        Lucas Raymond            Jacob Trouba             Erik Cernak              

Goaltenders
Starting : Ilya Sorokin             
Backup : Anton Khudobin           

Extra Forwards
Normal : Vincent Trocheck, Nino Niederreiter, Lucas Raymond - PP : Nikolaj Ehlers, Kirby Dach - PK : Sean Kuraly
Extra Defensemen
Normal : Ethan Bear, Jacob Trouba, Braden Schneider - PP : Ethan Bear - PK : Erik Cernak, Sebastian D Aho
Penalty Shots
Nino Niederreiter, Vincent Trocheck, Lucas Raymond, Nikolaj Ehlers, Victor Olofsson

Scratches
Adam Ruzicka (Healthy), Brett Connolly (Healthy), Jay Beagle (Healthy), Zack Kassian (Healthy)

TAMPA BAY Lightning

5 vs 5 Forward 
   Center                   Left Wing                Right Wing               Time % Phy DF OF 
 1 Mikael Backlund          Anders Lee               Eeli Tolvanen            40     1   2  2  
 2 Scott Laughton           Mason Marchment          Evgeny Svechnikov        30     1   2  2  
 3 Tyson Jost               Nick Ritchie             Sammy Blais              20     1   2  2  
 4 Michael McCarron         Nicolas Deslauriers      Christian Fischer        10     3   1  1  

5 vs 5 Defense 
   Defense                  Defense                                           Time % Phy DF OF 
 1 Dylan DeMelo             Timothy Liljegren                                 40     1   2  2  
 2 Erik Gudbranson          Chad Ruhwedel                                     30     1   2  2  
 3 Josh Mahura              Robert Hagg                                       20     1   2  2  
 4 Dylan DeMelo             Timothy Liljegren                                 10     1   2  2  

PowerPlay Forward 
   Center                   Left Wing                Right Wing               Time % Phy DF OF 
 1 Mikael Backlund          Anders Lee               Eeli Tolvanen            60     1   2  2  
 2 Tyson Jost               Scott Laughton           Mason Marchment          40     1   2  2  

PowerPlay Defense
   Defense                  Defense                                           Time % Phy DF OF 
 1 Dylan DeMelo             Erik Gudbranson                                   60     1   2  2  
 2 Timothy Liljegren        Josh Mahura                                       40     1   2  2  

Penalty Kill 4 Players Forward 
   Center                   Wing                     Time % Phy DF OF 
 1 Mikael Backlund          Anders Lee               60     1   2  2  
 2 Scott Laughton           Tyson Jost               40     1   2  2  

Penalty Kill 4 Players Defense
   Defense                  Defense                  Time % Phy DF OF 
 1 Dylan DeMelo             Erik Gudbranson          60     1   2  2  
 2 Timothy Liljegren        Chad Ruhwedel            40     1   2  2  

Penalty Kill - 3 Players Forward 
   Forward                                           Time % Phy DF OF 
 1 Mikael Backlund                                   60     1   2  2  
 2 Scott Laughton                                    40     1   2  2  

Penalty Kill - 3 Players Defense
   Defense                  Defense                  Time % Phy DF OF 
 1 Dylan DeMelo             Erik Gudbranson          60     1   2  2  
 2 Timothy Liljegren        Chad Ruhwedel            40     1   2  2  

4 vs 4 Forward 
   Center                   Wing                     Time % Phy DF OF 
 1 Mikael Backlund          Eeli Tolvanen            60     1   2  2  
 2 Anders Lee               Mason Marchment          40     1   2  2  

4 vs 4 Defense
   Defense                  Defense                  Time % Phy DF OF 
 1 Dylan DeMelo             Erik Gudbranson          60     1   2  2  
 2 Timothy Liljegren        Chad Ruhwedel            40     1   2  2  

Last Minutes Offensive
   Center                   Left Wing                Right Wing               Defense                  Defense                  
   Mikael Backlund          Anders Lee               Eeli Tolvanen            Dylan DeMelo             Timothy Liljegren        

Last Minutes Defensive
   Center                   Left Wing                Right Wing               Defense                  Defense                  
   Mikael Backlund          Scott Laughton           Christian Fischer        Dylan DeMelo             Erik Gudbranson          

Goaltenders
Starting : Robin Lehner             
Backup : Karel Vejmelka           

Extra Forwards
Normal : Christian Fischer, Mikael Backlund, Nick Ritchie - PP : Christian Fischer, Mikael Backlund - PK : Christian Fischer
Extra Defensemen
Normal : Chad Ruhwedel, Josh Mahura, Robert Hagg - PP : Chad Ruhwedel - PK : Chad Ruhwedel, Josh Mahura
Penalty Shots
Mikael Backlund, Anders Lee, Scott Laughton, Eeli Tolvanen, Mason Marchment

Scratches
Brock McGinn (Healthy), Philippe Myers (Healthy), Calvin Petersen (Healthy)

% Time on Ice - NEW YORK Islanders

Lines # - Real PCT - Wanted PCT - Time Play
Normal Forward
1 - 38% - 40% - 18:15
2 - 31% - 30% - 14:54
3 - 20% - 20% - 9:36
4 - 11% - 10% - 5:31
Normal Defense
1 - 38% - 40% - 18:19
2 - 33% - 30% - 15:54
3 - 26% - 20% - 12:44
4 - 3% - 10% - 1:19
PP Forward
1 - 52% - 70% - 3:49
2 - 48% - 30% - 3:35
PP Defense
1 - 44% - 60% - 3:16
2 - 56% - 40% - 4:08
PK Forward
1 - 66% - 60% - 2:52
2 - 34% - 40% - 1:28
PK Defense
1 - 58% - 60% - 2:31
2 - 42% - 40% - 1:49
PK3 Forward
1 - 0% - 60%
2 - 0% - 40%
PK3 Defense
1 - 0% - 60%
2 - 0% - 40%
44 Forward
1 - 0% - 60%
2 - 0% - 40%
44 Defense
1 - 0% - 60%
2 - 0% - 40%
Last Minute Offensive  - 0:00
Last Minute Defensive  - 0:00
Total
Forward - 60:00
Defense - 60:00

% Time on Ice - TAMPA BAY Lightning

Lines # - Real PCT - Wanted PCT - Time Play
Normal Forward
1 - 40% - 40% - 19:06
2 - 31% - 30% - 14:54
3 - 20% - 20% - 9:32
4 - 10% - 10% - 4:44
Normal Defense
1 - 33% - 40% - 15:56
2 - 37% - 30% - 18:03
3 - 28% - 20% - 13:19
4 - 2% - 10% - 0:58
PP Forward
1 - 45% - 60% - 1:56
2 - 55% - 40% - 2:24
PP Defense
1 - 45% - 60% - 1:56
2 - 55% - 40% - 2:24
PK Forward
1 - 61% - 60% - 4:29
2 - 39% - 40% - 2:55
PK Defense
1 - 61% - 60% - 4:30
2 - 39% - 40% - 2:54
PK3 Forward
1 - 0% - 60%
2 - 0% - 40%
PK3 Defense
1 - 0% - 60%
2 - 0% - 40%
44 Forward
1 - 0% - 60%
2 - 0% - 40%
44 Defense
1 - 0% - 60%
2 - 0% - 40%
Last Minute Offensive  - 0:00
Last Minute Defensive  - 0:00
Total
Forward - 60:00
Defense - 60:00

Play-by-Play

1st period


0:01 of 1st period - Mikael Backlund wins face-off versus Vincent Trocheck in neutral zone.
1:02 of 1st period - Dillon Dube is hit by Mason Marchment and loses puck.
1:09 of 1st period - Shot by Evgeny Svechnikov.
1:09 of 1st period - Shot Blocked by Braden Schneider.
1:54 of 1st period - Lucas Raymond is hit by Sammy Blais and loses puck.
2:15 of 1st period - Minor Penalty to Sammy Blais for Cross-checking.
2:16 of 1st period - Vincent Trocheck wins face-off versus Anders Lee in TAMPA BAY Lightning zone.
2:37 of 1st period - Shot by Jacob Trouba.
2:37 of 1st period - Shot Misses the Net.
3:44 of 1st period - Shot by Scott Laughton.
3:44 of 1st period - Shot Misses the Net.
4:28 of 1st period - Josh Mahura is hit by Sean Kuraly and loses puck.
4:45 of 1st period - Shot by Pius Suter.
4:45 of 1st period - Stopped by Robin Lehner without a rebound.
4:46 of 1st period - Mikael Backlund wins face-off versus Kirby Dach in TAMPA BAY Lightning zone.
4:46 of 1st period - Mikael Backlund is hit by Jesper Fast.
5:36 of 1st period - Icing by Michael McLeod.
5:37 of 1st period - Pius Suter wins face-off versus Tyson Jost in NEW YORK Islanders zone.
5:37 of 1st period - Sean Kuraly is hit by Tyson Jost.
5:45 of 1st period - Shot by Josh Mahura.
5:45 of 1st period - Shot Blocked by Erik Cernak.
5:53 of 1st period - Shot by Sammy Blais.
5:53 of 1st period - Stopped by Ilya Sorokin with a rebound.
5:55 of 1st period - Shot by Robert Hagg.
5:55 of 1st period - Stopped by Ilya Sorokin without a rebound.
5:56 of 1st period - Scott Laughton wins face-off versus Vincent Trocheck in NEW YORK Islanders zone.
6:31 of 1st period - Shot by Scott Laughton.
6:31 of 1st period - Stopped by Ilya Sorokin without a rebound.
6:32 of 1st period - Mikael Backlund wins face-off versus Dillon Dube in NEW YORK Islanders zone.
6:39 of 1st period - Shot by Mikael Backlund.
6:39 of 1st period - Stopped by Ilya Sorokin without a rebound.
6:40 of 1st period - Mikael Backlund wins face-off versus Dillon Dube in NEW YORK Islanders zone.
6:56 of 1st period - Icing by Jacob Trouba.
6:57 of 1st period - Dillon Dube wins face-off versus Tyson Jost in NEW YORK Islanders zone.
7:16 of 1st period - Shot by Sammy Blais.
7:16 of 1st period - Stopped by Ilya Sorokin without a rebound.
7:17 of 1st period - Mikael Backlund wins face-off versus Vincent Trocheck in NEW YORK Islanders zone.
7:37 of 1st period - Icing by Chad Ruhwedel.
7:38 of 1st period - Mikael Backlund wins face-off versus Kirby Dach in TAMPA BAY Lightning zone.
8:03 of 1st period - Icing by Eeli Tolvanen.
8:04 of 1st period - Mikael Backlund wins face-off versus Nikolaj Ehlers in TAMPA BAY Lightning zone.
8:35 of 1st period - Shot by Nikolaj Ehlers.
8:35 of 1st period - Shot Blocked by Eeli Tolvanen.
8:50 of 1st period - Icing by Mikael Backlund.
8:51 of 1st period - Dillon Dube wins face-off versus Mikael Backlund in TAMPA BAY Lightning zone.
8:52 of 1st period - Shot by Lucas Raymond.
8:52 of 1st period - Shot Misses the Net.
8:54 of 1st period - Shot by Gustav Nyquist.
8:54 of 1st period - Stopped by Robin Lehner without a rebound.
8:55 of 1st period - Dillon Dube wins face-off versus Scott Laughton in TAMPA BAY Lightning zone.
9:20 of 1st period - Shot by Dillon Dube.
9:20 of 1st period - Shot Misses the Net.
9:22 of 1st period - Shot by Gustav Nyquist.
9:22 of 1st period - Deflect By Dillon Dube.
9:22 of 1st period - Shot Misses the Net.
9:24 of 1st period - Shot by Jacob Trouba.
9:24 of 1st period - Stopped by Robin Lehner without a rebound.
9:25 of 1st period - Tyson Jost wins face-off versus Kirby Dach in TAMPA BAY Lightning zone.
9:29 of 1st period - Robert Hagg is hit by Kirby Dach and loses puck.
9:42 of 1st period - Shot by Sammy Blais.
9:42 of 1st period - Shot Misses the Net.
9:49 of 1st period - Tyson Jost is hit by Ilya Lyubushkin and loses puck.
9:52 of 1st period - Shot by Tyson Jost.
9:52 of 1st period - Shot Misses the Net.
9:56 of 1st period - Shot by Nick Ritchie.
9:56 of 1st period - Shot Misses the Net.
9:58 of 1st period - Shot by Robert Hagg.
9:58 of 1st period - Goal by Robert Hagg - NEW YORK Islanders : 0 - TAMPA BAY Lightning : 1.
9:59 of 1st period - Scott Laughton wins face-off versus Vincent Trocheck in neutral zone.
10:16 of 1st period - Shot by Scott Laughton.
10:16 of 1st period - Shot Misses the Net.
10:18 of 1st period - Shot by Scott Laughton.
10:18 of 1st period - Shot Blocked by Jacob Trouba.
10:20 of 1st period - Shot by Scott Laughton.
10:20 of 1st period - Stopped by Ilya Sorokin without a rebound.
10:21 of 1st period - Mikael Backlund wins face-off versus Dillon Dube in NEW YORK Islanders zone.
10:24 of 1st period - Shot by Anders Lee.
10:24 of 1st period - Shot Blocked by Sebastian D Aho.
10:37 of 1st period - Braden Schneider is hit by Erik Gudbranson and loses puck.
10:46 of 1st period - Shot by Mikael Backlund.
10:46 of 1st period - Stopped by Ilya Sorokin with a rebound.
10:49 of 1st period - Icing by Braden Schneider.
10:50 of 1st period - Scott Laughton wins face-off versus Dillon Dube in NEW YORK Islanders zone.
10:51 of 1st period - Shot by Mason Marchment.
10:51 of 1st period - Stopped by Ilya Sorokin without a rebound.
10:52 of 1st period - Scott Laughton wins face-off versus Vincent Trocheck in NEW YORK Islanders zone.
10:52 of 1st period - Mason Marchment is hit by Erik Cernak and loses puck.
11:22 of 1st period - Scott Laughton is hit by Jacob Trouba and loses puck.
11:30 of 1st period - Scott Laughton is hit by Jacob Trouba and loses puck.
11:36 of 1st period - Scott Laughton is hit by Erik Cernak and loses puck.
12:13 of 1st period - Shot by Nick Ritchie.
12:13 of 1st period - Shot Blocked by Jacob Trouba.
12:44 of 1st period - Shot by Chad Ruhwedel.
12:44 of 1st period - Stopped by Ilya Sorokin with a rebound.
12:46 of 1st period - Shot by Erik Gudbranson.
12:46 of 1st period - Shot Misses the Net.
12:48 of 1st period - Shot by Erik Gudbranson.
12:48 of 1st period - Stopped by Ilya Sorokin with a rebound.
12:50 of 1st period - Shot by Anders Lee.
12:50 of 1st period - Stopped by Ilya Sorokin without a rebound.
12:51 of 1st period - Kirby Dach wins face-off versus Michael McCarron in NEW YORK Islanders zone.
12:51 of 1st period - Kirby Dach is hit by Nicolas Deslauriers.
12:52 of 1st period - Minor Penalty to Nicolas Deslauriers for Cross-checking.
12:53 of 1st period - Dillon Dube wins face-off versus Anders Lee in TAMPA BAY Lightning zone.
12:54 of 1st period - Shot by Ethan Bear.
12:54 of 1st period - Stopped by Robin Lehner without a rebound.
12:55 of 1st period - Mikael Backlund wins face-off versus Dillon Dube in TAMPA BAY Lightning zone.
12:55 of 1st period - Dylan DeMelo is hit by Gustav Nyquist and loses puck.
13:03 of 1st period - Icing by Ethan Bear.
13:04 of 1st period - Dillon Dube wins face-off versus Mikael Backlund in NEW YORK Islanders zone.
13:35 of 1st period - Shot by Braden Schneider.
13:35 of 1st period - Stopped by Robin Lehner with a rebound.
14:33 of 1st period - Shot by Ethan Bear.
14:33 of 1st period - Stopped by Robin Lehner with a rebound.
15:35 of 1st period - Shot by Michael McLeod.
15:35 of 1st period - Stopped by Robin Lehner without a rebound.
15:36 of 1st period - Kirby Dach wins face-off versus Michael McCarron in TAMPA BAY Lightning zone.
15:49 of 1st period - Shot by Nicolas Deslauriers.
15:49 of 1st period - Goal by Nicolas Deslauriers - NEW YORK Islanders : 0 - TAMPA BAY Lightning : 2.
15:50 of 1st period - Tyson Jost wins face-off versus Dillon Dube in neutral zone.
15:52 of 1st period - Erik Gudbranson is hit by Sebastian D Aho and loses puck.
16:07 of 1st period - Shot by Tyson Jost.
16:07 of 1st period - Stopped by Ilya Sorokin with a rebound.
16:09 of 1st period - Shot by Erik Gudbranson.
16:09 of 1st period - Shot Blocked by Braden Schneider.
16:11 of 1st period - Shot by Tyson Jost.
16:11 of 1st period - Shot Misses the Net.
16:21 of 1st period - Shot by Gustav Nyquist.
16:21 of 1st period - Shot Blocked by Chad Ruhwedel.
16:28 of 1st period - Icing by Nick Ritchie.
16:29 of 1st period - Vincent Trocheck wins face-off versus Tyson Jost in TAMPA BAY Lightning zone.
16:51 of 1st period - Jacob Trouba is hit by Timothy Liljegren and loses puck.
17:53 of 1st period - Shot by Eeli Tolvanen.
17:53 of 1st period - Shot Misses the Net.
17:56 of 1st period - Icing by Ilya Lyubushkin.
17:57 of 1st period - Kirby Dach wins face-off versus Michael McCarron in NEW YORK Islanders zone.
17:57 of 1st period - Kirby Dach is hit by Nicolas Deslauriers.
18:14 of 1st period - Shot by Kirby Dach.
18:14 of 1st period - Shot Misses the Net.
18:19 of 1st period - Chad Ruhwedel is hit by Jesper Fast and loses puck.
18:29 of 1st period - Off-side.
18:30 of 1st period - Lucas Raymond wins face-off versus Mikael Backlund in neutral zone.
18:30 of 1st period - Lucas Raymond is hit by Mikael Backlund.
18:58 of 1st period - Lucas Raymond is hit by Timothy Liljegren and loses puck.
19:13 of 1st period - Gustav Nyquist is hit by Anders Lee and loses puck.
Goals for this period are 0 for NEW YORK Islanders vs 2 for TAMPA BAY Lightning.
Shots for this period are 7 for NEW YORK Islanders vs 14 for TAMPA BAY Lightning.

2nd period


0:01 of 2nd period - Vincent Trocheck wins face-off versus Mikael Backlund in neutral zone.
1:17 of 2nd period - Icing by Chad Ruhwedel.
1:18 of 2nd period - Scott Laughton wins face-off versus Kirby Dach in TAMPA BAY Lightning zone.
1:51 of 2nd period - Ilya Lyubushkin is hit by Scott Laughton and loses puck.
2:19 of 2nd period - Chad Ruhwedel is hit by Gustav Nyquist and loses puck.
2:25 of 2nd period - Lucas Raymond is hit by Chad Ruhwedel and loses puck.
2:28 of 2nd period - Shot by Dillon Dube.
2:28 of 2nd period - Shot Misses the Net.
2:30 of 2nd period - Shot by Braden Schneider.
2:30 of 2nd period - Deflect By Dillon Dube.
2:30 of 2nd period - Stopped by Robin Lehner with a rebound.
2:35 of 2nd period - Dillon Dube is hit by Erik Gudbranson and loses puck.
2:44 of 2nd period - Shot by Dillon Dube.
2:44 of 2nd period - Stopped by Robin Lehner without a rebound.
2:45 of 2nd period - Vincent Trocheck wins face-off versus Eeli Tolvanen in TAMPA BAY Lightning zone.
2:56 of 2nd period - Shot by Anders Lee.
2:56 of 2nd period - Stopped by Ilya Sorokin with a rebound.
3:27 of 2nd period - Nikolaj Ehlers is hit by Dylan DeMelo and loses puck.
4:06 of 2nd period - Minor Penalty to Braden Schneider for Cross-checking.
4:07 of 2nd period - Sean Kuraly wins face-off versus Tyson Jost in NEW YORK Islanders zone.
4:26 of 2nd period - Shot by Josh Mahura.
4:26 of 2nd period - Shot Misses the Net.
4:28 of 2nd period - Shot by Timothy Liljegren.
4:28 of 2nd period - Goal by Timothy Liljegren - NEW YORK Islanders : 0 - TAMPA BAY Lightning : 3.
4:29 of 2nd period - Michael McCarron wins face-off versus Kirby Dach in neutral zone.
4:40 of 2nd period - Shot by Nicolas Deslauriers.
4:40 of 2nd period - Shot Misses the Net.
4:57 of 2nd period - Michael McCarron is hit by Ilya Lyubushkin and loses puck.
6:19 of 2nd period - Icing by Timothy Liljegren.
6:20 of 2nd period - Tyson Jost wins face-off versus Vincent Trocheck in TAMPA BAY Lightning zone.
6:20 of 2nd period - Dylan DeMelo is hit by Nino Niederreiter and loses puck.
6:56 of 2nd period - Dylan DeMelo is hit by Erik Cernak and loses puck.
7:10 of 2nd period - Icing by Timothy Liljegren.
7:11 of 2nd period - Tyson Jost wins face-off versus Kirby Dach in TAMPA BAY Lightning zone.
7:22 of 2nd period - Shot by Jesper Fast.
7:22 of 2nd period - Shot Blocked by Timothy Liljegren.
7:24 of 2nd period - Shot by Ethan Bear.
7:24 of 2nd period - Stopped by Robin Lehner with a rebound.
7:26 of 2nd period - Shot by Ilya Lyubushkin.
7:26 of 2nd period - Shot Blocked by Dylan DeMelo.
7:30 of 2nd period - Shot by Kirby Dach.
7:30 of 2nd period - Stopped by Robin Lehner without a rebound.
7:31 of 2nd period - Mikael Backlund wins face-off versus Dillon Dube in TAMPA BAY Lightning zone.
7:31 of 2nd period - Mikael Backlund is hit by Gustav Nyquist.
8:34 of 2nd period - Minor Penalty to Vincent Trocheck for Tripping.
8:35 of 2nd period - Sean Kuraly wins face-off versus Tyson Jost in NEW YORK Islanders zone.
8:46 of 2nd period - Shot by Timothy Liljegren.
8:46 of 2nd period - Stopped by Ilya Sorokin with a rebound.
8:48 of 2nd period - Shot by Mason Marchment.
8:48 of 2nd period - Shot Misses the Net.
9:34 of 2nd period - Icing by Mikael Backlund.
9:35 of 2nd period - Sean Kuraly wins face-off versus Mikael Backlund in TAMPA BAY Lightning zone.
9:50 of 2nd period - Shot by Dylan DeMelo.
9:50 of 2nd period - Shot Misses the Net.
9:52 of 2nd period - Shot by Mikael Backlund.
9:52 of 2nd period - Deflect By Eeli Tolvanen.
9:52 of 2nd period - Stopped by Ilya Sorokin without a rebound.
9:53 of 2nd period - Dillon Dube wins face-off versus Mason Marchment in NEW YORK Islanders zone.
10:34 of 2nd period - Dylan DeMelo is hit by Nino Niederreiter and loses puck.
10:57 of 2nd period - Shot by Vincent Trocheck.
10:57 of 2nd period - Stopped by Robin Lehner without a rebound.
10:58 of 2nd period - Mikael Backlund wins face-off versus Kirby Dach in TAMPA BAY Lightning zone.
11:00 of 2nd period - Anders Lee is hit by Kirby Dach and loses puck.
11:44 of 2nd period - Icing by Jacob Trouba.
11:45 of 2nd period - Scott Laughton wins face-off versus Jesper Fast in NEW YORK Islanders zone.
12:03 of 2nd period - Timothy Liljegren is hit by Erik Cernak and loses puck.
13:37 of 2nd period - Shot by Dillon Dube.
13:37 of 2nd period - Stopped by Robin Lehner with a rebound.
13:41 of 2nd period - Shot by Gustav Nyquist.
13:41 of 2nd period - Stopped by Robin Lehner without a rebound.
13:42 of 2nd period - Eeli Tolvanen wins face-off versus Pius Suter in TAMPA BAY Lightning zone.
13:42 of 2nd period - Eeli Tolvanen is hit by Sean Kuraly.
14:13 of 2nd period - Anders Lee is hit by Ilya Lyubushkin and loses puck.
14:20 of 2nd period - Shot by Eeli Tolvanen.
14:20 of 2nd period - Shot Misses the Net.
14:45 of 2nd period - Vincent Trocheck is hit by Timothy Liljegren and loses puck.
14:56 of 2nd period - Shot by Scott Laughton.
14:56 of 2nd period - Shot Misses the Net.
14:58 of 2nd period - Shot by Dylan DeMelo.
14:58 of 2nd period - Stopped by Ilya Sorokin without a rebound.
14:59 of 2nd period - Michael McCarron wins face-off versus Dillon Dube in NEW YORK Islanders zone.
15:49 of 2nd period - Icing by Chad Ruhwedel.
15:50 of 2nd period - Michael McCarron wins face-off versus Nikolaj Ehlers in TAMPA BAY Lightning zone.
16:56 of 2nd period - Icing by Josh Mahura.
16:57 of 2nd period - Dillon Dube wins face-off versus Scott Laughton in TAMPA BAY Lightning zone.
17:28 of 2nd period - Shot by Evgeny Svechnikov.
17:28 of 2nd period - Stopped by Ilya Sorokin without a rebound.
17:29 of 2nd period - Tyson Jost wins face-off versus Kirby Dach in NEW YORK Islanders zone.
18:37 of 2nd period - Shot by Gustav Nyquist.
18:37 of 2nd period - Stopped by Robin Lehner with a rebound.
18:47 of 2nd period - Shot by Eeli Tolvanen.
18:47 of 2nd period - Stopped by Ilya Sorokin without a rebound.
18:48 of 2nd period - Vincent Trocheck wins face-off versus Scott Laughton in NEW YORK Islanders zone.
18:56 of 2nd period - Minor Penalty to Robert Hagg for Hooking.
18:57 of 2nd period - Mikael Backlund wins face-off versus Vincent Trocheck in TAMPA BAY Lightning zone.
19:26 of 2nd period - Shot by Lucas Raymond.
19:26 of 2nd period - Shot Blocked by Anders Lee.
19:28 of 2nd period - Shot by Vincent Trocheck.
19:28 of 2nd period - Goal by Vincent Trocheck - NEW YORK Islanders : 1 - TAMPA BAY Lightning : 3.
19:29 of 2nd period - Pius Suter wins face-off versus Evgeny Svechnikov in neutral zone.
19:32 of 2nd period - Scott Laughton is hit by Sean Kuraly and loses puck.
19:44 of 2nd period - Robert Hagg is hit by Michael McLeod and loses puck.
Goals for this period are 1 for NEW YORK Islanders vs 1 for TAMPA BAY Lightning.
Shots for this period are 9 for NEW YORK Islanders vs 7 for TAMPA BAY Lightning.

3rd period


0:01 of 3rd period - Mikael Backlund wins face-off versus Vincent Trocheck in neutral zone.
1:22 of 3rd period - Shot by Scott Laughton.
1:22 of 3rd period - Shot Misses the Net.
1:29 of 3rd period - Icing by Sebastian D Aho.
1:30 of 3rd period - Dillon Dube wins face-off versus Tyson Jost in NEW YORK Islanders zone.
1:35 of 3rd period - Shot by Gustav Nyquist.
1:35 of 3rd period - Shot Hit the Post.
1:37 of 3rd period - Shot by Dillon Dube.
1:37 of 3rd period - Stopped by Robin Lehner without a rebound.
1:38 of 3rd period - Kirby Dach wins face-off versus Tyson Jost in TAMPA BAY Lightning zone.
1:50 of 3rd period - Tyson Jost is hit by Ilya Lyubushkin and loses puck.
2:40 of 3rd period - Shot by Scott Laughton.
2:40 of 3rd period - Stopped by Ilya Sorokin without a rebound.
2:41 of 3rd period - Vincent Trocheck wins face-off versus Mikael Backlund in NEW YORK Islanders zone.
2:41 of 3rd period - Vincent Trocheck is hit by Anders Lee.
3:24 of 3rd period - Icing by Jacob Trouba.
3:25 of 3rd period - Vincent Trocheck wins face-off versus Evgeny Svechnikov in NEW YORK Islanders zone.
3:38 of 3rd period - Shot by Scott Laughton.
3:38 of 3rd period - Shot Misses the Net.
3:56 of 3rd period - Shot by Mason Marchment.
3:56 of 3rd period - Shot Misses the Net.
4:24 of 3rd period - Shot by Gustav Nyquist.
4:24 of 3rd period - Stopped by Robin Lehner without a rebound.
4:25 of 3rd period - Pius Suter wins face-off versus Mikael Backlund in TAMPA BAY Lightning zone.
4:29 of 3rd period - Sean Kuraly is hit by Dylan DeMelo and loses puck.
5:48 of 3rd period - Shot by Dillon Dube.
5:48 of 3rd period - Goal by Dillon Dube - NEW YORK Islanders : 2 - TAMPA BAY Lightning : 3.
5:49 of 3rd period - Scott Laughton wins face-off versus Vincent Trocheck in neutral zone.
6:05 of 3rd period - Mason Marchment is hit by Jacob Trouba and loses puck.
6:07 of 3rd period - Minor Penalty to Jacob Trouba for Slashing.
6:08 of 3rd period - Mikael Backlund wins face-off versus Sean Kuraly in NEW YORK Islanders zone.
8:25 of 3rd period - Shot by Vincent Trocheck.
8:25 of 3rd period - Shot Blocked by Josh Mahura.
8:31 of 3rd period - Shot by Nino Niederreiter.
8:31 of 3rd period - Shot Blocked by Josh Mahura.
8:33 of 3rd period - Shot by Vincent Trocheck.
8:33 of 3rd period - Shot Misses the Net.
8:35 of 3rd period - Shot by Ethan Bear.
8:35 of 3rd period - Stopped by Robin Lehner without a rebound.
8:36 of 3rd period - Sean Kuraly wins face-off versus Tyson Jost in TAMPA BAY Lightning zone.
8:51 of 3rd period - Shot by Michael McLeod.
8:51 of 3rd period - Shot Misses the Net.
8:53 of 3rd period - Shot by Pius Suter.
8:53 of 3rd period - Deflect By Michael McLeod.
8:53 of 3rd period - Stopped by Robin Lehner without a rebound.
8:54 of 3rd period - Scott Laughton wins face-off versus Nino Niederreiter in TAMPA BAY Lightning zone.
8:56 of 3rd period - Icing by Dylan DeMelo.
8:57 of 3rd period - Scott Laughton wins face-off versus Nikolaj Ehlers in TAMPA BAY Lightning zone.
9:06 of 3rd period - Shot by Scott Laughton.
9:06 of 3rd period - Shot Blocked by Braden Schneider.
9:08 of 3rd period - Shot by Evgeny Svechnikov.
9:08 of 3rd period - Shot Misses the Net.
9:12 of 3rd period - Shot by Mason Marchment.
9:12 of 3rd period - Shot Misses the Net.
9:14 of 3rd period - Shot by Scott Laughton.
9:14 of 3rd period - Stopped by Ilya Sorokin without a rebound.
9:15 of 3rd period - Dillon Dube wins face-off versus Mikael Backlund in NEW YORK Islanders zone.
9:38 of 3rd period - Shot by Dillon Dube.
9:38 of 3rd period - Deflect By Gustav Nyquist.
9:38 of 3rd period - Shot Misses the Net.
9:40 of 3rd period - Shot by Ilya Lyubushkin.
9:40 of 3rd period - Shot Misses the Net.
9:42 of 3rd period - Shot by Ethan Bear.
9:42 of 3rd period - Stopped by Robin Lehner with a rebound.
9:50 of 3rd period - Shot by Dillon Dube.
9:50 of 3rd period - Stopped by Robin Lehner without a rebound.
9:51 of 3rd period - Scott Laughton wins face-off versus Vincent Trocheck in TAMPA BAY Lightning zone.
9:53 of 3rd period - Icing by Mason Marchment.
9:54 of 3rd period - Scott Laughton wins face-off versus Vincent Trocheck in TAMPA BAY Lightning zone.
9:54 of 3rd period - Scott Laughton is hit by Vincent Trocheck.
10:12 of 3rd period - Shot by Nino Niederreiter.
10:12 of 3rd period - Stopped by Robin Lehner without a rebound.
10:13 of 3rd period - Dillon Dube wins face-off versus Mikael Backlund in TAMPA BAY Lightning zone.
10:13 of 3rd period - Lucas Raymond is hit by Josh Mahura and loses puck.
10:24 of 3rd period - Shot by Dillon Dube.
10:24 of 3rd period - Shot Misses the Net.
10:51 of 3rd period - Icing by Josh Mahura.
10:52 of 3rd period - Vincent Trocheck wins face-off versus Mikael Backlund in TAMPA BAY Lightning zone.
10:52 of 3rd period - Jacob Trouba is hit by Robert Hagg and loses puck.
11:13 of 3rd period - Icing by Vincent Trocheck.
11:14 of 3rd period - Scott Laughton wins face-off versus Vincent Trocheck in NEW YORK Islanders zone.
12:12 of 3rd period - Icing by Nino Niederreiter.
12:13 of 3rd period - Vincent Trocheck wins face-off versus Mikael Backlund in NEW YORK Islanders zone.
12:47 of 3rd period - Shot by Gustav Nyquist.
12:47 of 3rd period - Stopped by Robin Lehner without a rebound.
12:48 of 3rd period - Tyson Jost wins face-off versus Kirby Dach in TAMPA BAY Lightning zone.
13:04 of 3rd period - Shot by Sammy Blais.
13:04 of 3rd period - Stopped by Ilya Sorokin with a rebound.
13:06 of 3rd period - Shot by Josh Mahura.
13:06 of 3rd period - Shot Misses the Net.
13:08 of 3rd period - Shot by Tyson Jost.
13:08 of 3rd period - Shot Misses the Net.
14:13 of 3rd period - Shot by Mason Marchment.
14:13 of 3rd period - Stopped by Ilya Sorokin without a rebound.
14:14 of 3rd period - Mikael Backlund wins face-off versus Vincent Trocheck in NEW YORK Islanders zone.
14:15 of 3rd period - Shot by Chad Ruhwedel.
14:15 of 3rd period - Deflect By Mikael Backlund.
14:15 of 3rd period - Shot Misses the Net.
14:22 of 3rd period - Icing by Vincent Trocheck.
14:23 of 3rd period - Vincent Trocheck wins face-off versus Eeli Tolvanen in NEW YORK Islanders zone.
14:31 of 3rd period - Icing by Chad Ruhwedel.
14:32 of 3rd period - Vincent Trocheck wins face-off versus Mikael Backlund in TAMPA BAY Lightning zone.
14:40 of 3rd period - Icing by Mikael Backlund.
14:41 of 3rd period - Mikael Backlund wins face-off versus Vincent Trocheck in TAMPA BAY Lightning zone.
14:57 of 3rd period - Off-side.
14:58 of 3rd period - Scott Laughton wins face-off versus Dillon Dube in neutral zone.
15:21 of 3rd period - Shot by Evgeny Svechnikov.
15:21 of 3rd period - Stopped by Ilya Sorokin without a rebound.
15:22 of 3rd period - Vincent Trocheck wins face-off versus Mikael Backlund in NEW YORK Islanders zone.
15:44 of 3rd period - Erik Cernak is hit by Erik Gudbranson and loses puck.
16:37 of 3rd period - Off-side.
16:38 of 3rd period - Kirby Dach wins face-off versus Evgeny Svechnikov in neutral zone.
16:38 of 3rd period - Minor Penalty to Scott Laughton for Roughing.
16:39 of 3rd period - Christian Fischer wins face-off versus Kirby Dach in TAMPA BAY Lightning zone.
17:41 of 3rd period - Shot by Nino Niederreiter.
17:41 of 3rd period - Stopped by Robin Lehner without a rebound.
17:42 of 3rd period - Vincent Trocheck wins face-off versus Mikael Backlund in TAMPA BAY Lightning zone.
17:59 of 3rd period - Shot by Vincent Trocheck.
17:59 of 3rd period - Shot Misses the Net.
18:01 of 3rd period - Shot by Jacob Trouba.
18:01 of 3rd period - Stopped by Robin Lehner without a rebound.
18:02 of 3rd period - Mikael Backlund wins face-off versus Dillon Dube in TAMPA BAY Lightning zone.
18:11 of 3rd period - Shot by Kirby Dach.
18:11 of 3rd period - Shot Misses the Net.
18:29 of 3rd period - Shot by Dillon Dube.
18:29 of 3rd period - Deflect By Nikolaj Ehlers.
18:29 of 3rd period - Stopped by Robin Lehner with a rebound.
18:35 of 3rd period - Shot by Kirby Dach.
18:35 of 3rd period - Stopped by Robin Lehner without a rebound.
18:36 of 3rd period - Vincent Trocheck wins face-off versus Christian Fischer in TAMPA BAY Lightning zone.
18:51 of 3rd period - Shot by Mason Marchment.
18:51 of 3rd period - Shot Misses the Net.
19:01 of 3rd period - NEW YORK Islanders, Ilya Sorokin is pulled from the net.
19:04 of 3rd period - Minor Penalty to Robert Hagg for Interference.
19:05 of 3rd period - Vincent Trocheck wins face-off versus Mikael Backlund in TAMPA BAY Lightning zone.
19:05 of 3rd period - Braden Schneider is hit by Erik Gudbranson and loses puck.
19:44 of 3rd period - Shot by Vincent Trocheck.
19:44 of 3rd period - Stopped by Robin Lehner with a rebound.
Goals for this period are 1 for NEW YORK Islanders vs 0 for TAMPA BAY Lightning.
Shots for this period are 14 for NEW YORK Islanders vs 5 for TAMPA BAY Lightning. Output by the SimonT Hockey Simulator (STHS) for Martin Benoit - Original Page W3C HTML5 Valid
Hockey Simulator - Hockey Simulation - Hockey Manager